 Dungeon Crawl Stone Soup version 0.24.0-1-gfbc8707122 (webtiles) character file.

Game seed: 2361176516160487858, levelgen mode: deterministic

22275 Curus the Fighter (level 12, -3/118 HPs)
             Began as a Minotaur Monk on Oct 26, 2019.
             Was a High Priest of Trog.
             Slain by a tyrant leech (23 damage)
             ... on level 2 of the Lair of Beasts on Oct 27, 2019.
             The game lasted 01:14:28 (12337 turns).

Curus the Fighter (Minotaur Monk)                  Turns: 12337, Time: 01:14:29

Health: -3/118     AC:  6    Str: 17    XL:     12   Next: 61%
Magic:  22/22      EV: 24    Int:  7    God:    Trog [*****.]
Gold:   590        SH:  6    Dex: 21    Spells: 11/11 levels left

rFire    + . .     SeeInvis +   y - +7 spear (vamp)
rCold    + + .     Gourm    .   r - +0 buckler
rNeg     + . .     Faith    .   T - +0 leather armour {rN+}
rPois    +         Spirit   .   (helmet restricted)
rElec    +         Reflect  .   X - scarf {rC+ rF+}
rCorr    .         Harm     .   I - +2 pair of gloves
MR       .....                  (no boots)
Stlth    ++........             W - amulet "Estoson" {*Slow Regen+ MP+9 Dex+4}
HPRegen  0.69/turn              N - ring of Ephemeral Luck {rElec rC+ SInv}
MPRegen  0.18/turn              e - ring of poison resistance

@: berserk cooldown, slowed, studying Staves, very slow
A: retaliatory headbutt, horns 2
a: Berserk, Trog's Hand, Brothers in Arms, Renounce Religion


You were on level 2 of the Lair of Beasts.
You worshipped Trog.
Trog was extremely pleased with you.
You were not hungry.

You visited 2 branches of the dungeon, and saw 13 of its levels.
You also visited: Ossuary and Gauntlet.

You collected 830 gold pieces.
You spent 240 gold pieces at shops.

Inventory:

Hand Weapons
 n - a +2 trident
 y - a +7 vampiric spear (weapon)
Armour
 o - a +1 cloak of magic resistance
 r - a +0 buckler (worn)
 I - a +2 pair of gloves (worn)
 T - a +0 leather armour of positive energy (worn)
 X - a scarf of resistance (worn)
Jewellery
 e - a ring of poison resistance (right hand)
 g - an uncursed ring of protection from magic
 h - the ring "Cerygufe" {rC++ rCorr Str+8 Int-4 Dex-2}
   (You found it in a Gauntlet)

   [ring of resist corrosion]

   It affects your strength (+8).
   It affects your intelligence (-4).
   It affects your dexterity (-2).
   It greatly protects you from cold.
   It provides partial protection from all sources of acid and corrosion.
 k - an uncursed ring of positive energy
 B - an uncursed ring of ice
 C - an uncursed ring of magical power
 F - an uncursed ring of positive energy
 N - the ring of Ephemeral Luck (left hand) {rElec rC+ SInv}
   (You took it off a centaur warrior on level 9 of the Dungeon)

   [ring of see invisible]

   It protects you from cold.
   It insulates you from electricity.
   It lets you see invisible.
 O - an uncursed ring of protection from cold
 R - an uncursed ring of fire
 W - the amulet "Estoson" (around neck) {*Slow Regen+ MP+9 Dex+4}
   (You found it in a Gauntlet)

   [amulet of regeneration]

   It affects your dexterity (+4).
   It affects your magic capacity (+9).
   It increases your rate of regeneration.
   It may slow you when you take damage.
Wands
 m - a wand of random effects (63)
 s - a wand of scattershot (6)
 u - a wand of polymorph (17)
 x - a wand of iceblast (23)
 G - a wand of flame (19)
 P - a wand of acid (14)
 Y - a wand of disintegration (11)
Scrolls
 i - 20 scrolls of identify
 l - 8 scrolls of teleportation
 p - 6 scrolls of remove curse
 D - 5 scrolls of magic mapping
 H - 2 scrolls of fog
 J - a scroll of blinking
 K - 2 scrolls of enchant weapon
 M - a scroll of fear
Potions
 j - 5 potions of brilliance
 t - 9 potions of curing
 v - a potion of lignification
 w - 2 potions of haste
 z - 3 potions of resistance
 A - a potion of might
 E - a potion of magic
 Q - a potion of flight
 U - a potion of agility
Books
 V - a manual of Staves
Comestibles
 c - 19 rations


   Skills:
 + Level 14.9 Fighting
 - Level 12.6 Polearms
 + Level 13.8 Dodging
 - Level 1.5 Stealth
 - Level 4.0 Shields
 - Level 3.0 Evocations


You had 11 spell levels left.
You didn't know any spells.
Your spell library was empty.

Dungeon Overview and Level Annotations

Branches:
Dungeon (11/15)            Temple (0/1) D:4            Lair (2/6) D:11
    Orc (0/2) D:10        Ossuary (visited)         Gauntlet (visited)
  Swamp: Lair:2-4    Shoals: Lair:2-4     Snake: Lair:2-4    Spider: Lair:2-4

Altars:
Ashenzari
Cheibriados
Elyvilon
Gozag
Hepliaklqana
Kikubaaqudgha
Nemelex Xobeh
Ru
Trog
Vehumet

Shops:
D:5 !


Innate Abilities, Weirdness & Mutations

You reflexively headbutt those who attack you in melee.
You have a pair of horns on your head.


Message History

The tyrant leech completely misses you. You furiously retaliate!
You headbutt the tyrant leech, but do no damage.
You puncture the tyrant leech!
You feel better.
The tyrant leech is severely wounded.
You block the tyrant leech's attack. The tyrant leech bites you!!
The tyrant leech draws strength from your injuries!
The tyrant leech completely misses you.
Your troll goes berserk!
You feel quite a bit more hungry. You block the tyrant leech's attack.
The tyrant leech bites you. The tyrant leech barely misses you.
You furiously retaliate!
You headbutt the tyrant leech. You closely miss the tyrant leech.
Your headbutt misses the tyrant leech.
The tyrant leech is severely wounded.
You miss the tyrant leech.
The tyrant leech is severely wounded.
The tyrant leech bites you!!
* * * LOW HITPOINT WARNING * * *
The tyrant leech draws strength from your injuries!
The tyrant leech bites you!!
You die...

...... #....... ......
#^.....#P ≈≈≈.. #.......
≈≈≈≈## #.....+ . .≈≈
####≈≈≈# #.....##.. .≈≈
≈≈≈#P≈≈###......... .≈≈#
≈≈≈≈≈≈†##wT........ .≈≈##
#P≈†ww@....$....
.≈≈≈#######≈≈†.w##........
..≈≈≈≈≈≈≈≈≈≈≈....+.......#
...P≈≈≈≈≈≈≈...........####
............#....#.....#
.....##.###......P....##
.....#####P.#.........#
.....# #P......P....#
.....# ##.P....#...


You could see 4 tyrant leeches and a friendly troll (berserk).

Vanquished Creatures
  A minotaur (Gauntlet)
  Harold (D:7)
  A hydra (D:9)
  A centaur warrior (D:9)
  A tengu warrior (D:9)
  4 death yaks (Gauntlet)
  A wizard (D:10)
  A necromancer (Gauntlet)
  A deep elf mage (D:9)
  An ugly thing (D:9)
  Maurice (D:9)
  A manticore (D:9)
  A gargoyle (D:10)
  A torpor snail (Lair:2)
  A centaur skeleton (D:11)
  A spiny frog (Lair:1)
  An efreet (D:9)
  A rime drake (Lair:1)
  A komodo dragon (Lair:2)
  A troll (D:11)
  A hornet (D:9)
  4 tyrant leeches
  2 hippogriffs
  6 yaks (Lair:1)
  A human (D:8)
  3 wraiths
  4 hogs (D:8)
  Grum (D:9)
  A hungry ghost (D:7)
  4 swamp worms
  A porcupine (Lair:1)
  A water moccasin (Lair:1)
  Duvessa (D:7)
  4 ice beasts
  5 orc warriors
  3 sky beasts
  4 ogres
  2 black bears
  3 necrophages
  6 wolves
  6 centaurs
  A big kobold (D:9)
  2 crocodiles (Lair:1)
  A gnoll sergeant (D:5)
  9 bullfrogs
  Dowan (D:7)
  2 water moccasin zombies (Ossuary)
  A scorpion (D:7)
  2 troll zombies (D:9)
  2 water moccasin skeletons
  5 killer bees
  8 wights
  5 electric eels
  3 crimson imps
  9 hounds
  3 human zombies (D:9)
  3 jellies
  10 orc priests
  Crazy Yiuf (D:3)
  3 bullfrog skeletons
  2 centaur zombies
  A human skeleton (D:9)
  A gnoll shaman (D:6)
  4 iguanas
  Ijyb (D:5)
  10 orc wizards
  4 big kobold zombies (Ossuary)
  3 mummies
  A howler monkey zombie (D:5)
  A worker ant zombie (D:7)
  11 gnolls
  10 adders
  A shadow imp (D:10)
  7 adder zombies (Ossuary)
  An ooze (D:2)
  An adder skeleton (D:9)
  A worm (D:2)
  11 dart slugs
  7 leopard geckos
  65 orcs
  A ball python (D:3)
  4 giant cockroaches
  A gnoll zombie (Ossuary)
  3 goblins
  4 hobgoblins
  10 jackals
  15 kobolds
  A quokka (D:9)
  4 bats
  7 frilled lizards
  2 goblin zombies (D:4)
  4 hobgoblin zombies (Ossuary)
  2 jackal zombies
  6 kobold zombies (Ossuary)
  A leopard gecko zombie (D:4)
  11 orc zombies
  5 rats
  A bush (D:7)
382 creatures vanquished.

Vanquished Creatures (collateral kills)
  2 death yaks (Gauntlet)
  2 tyrant leeches (Lair:2)
  2 swamp worms (Lair:2)
6 creatures vanquished.

Vanquished Creatures (others)
  A fungus (Lair:1)
  3 plants (Lair:2)
  3 withered plants (Gauntlet)
7 creatures vanquished.

Grand Total: 395 creatures vanquished

Notes
Turn   | Place    | Note
-------+----------+-------------------------------------------
     0 | D:1      | Curus the Minotaur Monk began the quest for the Orb.
     0 | D:1      | Reached XP level 1. HP: 19/19 MP: 0/0
    48 | D:1      | Reached XP level 2. HP: 26/26 MP: 1/1
   352 | D:1      | Reached skill level 5 in Polearms
   574 | D:2      | Reached XP level 3. HP: 31/31 MP: 2/2
  1368 | D:2      | Reached XP level 4. HP: 34/39 MP: 3/3
  1555 | D:2      | Found a bloodstained altar of Trog.
  1562 | D:2      | Became a worshipper of Trog the Wrathful
  1562 | D:2      | Reached * piety under Trog
  1562 | D:2      | Reached ** piety under Trog
  1976 | D:3      | Found a sparkling altar of Nemelex Xobeh.
  2415 | D:3      | Found a runed translucent door.
  2416 | D:3      | Noticed Crazy Yiuf
  2701 | D:3      | Killed Crazy Yiuf
  2701 | D:3      | Reached XP level 5. HP: 37/45 MP: 4/4
  2785 | D:3      | Reached XP level 6. HP: 25/51 MP: 5/5
  3068 | D:4      | Found a staircase to the Ecumenical Temple.
  3128 | D:4      | Found a sand-covered staircase.
  3144 | Ossuary  | Entered an ossuary
  3169 | Ossuary  | Reached *** piety under Trog
  3214 | Ossuary  | Reached XP level 7. HP: 41/57 MP: 6/6
  3334 | Ossuary  | Reached skill level 10 in Polearms
  3565 | D:4      | Found a white marble altar of Elyvilon.
  3648 | D:4      | You fall into a shaft and drop 3 floors!
  3657 | D:7      | Reached **** piety under Trog
  3962 | D:5      | Entered Level 5 of the Dungeon
  4003 | D:5      | Found Ypog's Distillery.
  4041 | D:5      | Reached XP level 8. HP: 56/64 MP: 7/7
  4362 | D:4      | Found a shattered altar of Ashenzari.
  4454 | D:4      | Found a snail-covered altar of Cheibriados.
  4454 | D:4      | Found a radiant altar of Vehumet.
  4720 | D:5      | Noticed Ijyb
  4733 | D:5      | Killed Ijyb
  4913 | D:5      | Bought a potion of resistance for 120 gold pieces
  4913 | D:5      | Bought a potion of curing for 36 gold pieces
  4913 | D:5      | Bought a potion of curing for 36 gold pieces
  4913 | D:5      | Bought a potion of might for 48 gold pieces
  5467 | D:6      | Reached skill level 4 in Fighting
  5663 | D:6      | Reached skill level 5 in Fighting
  5802 | D:6      | Reached ***** piety under Trog
  5815 | D:6      | Reached skill level 5 in Dodging
  6132 | D:6      | Reached XP level 9. HP: 75/75 MP: 8/8
  6302 | D:7      | Reached skill level 6 in Fighting
  6400 | D:7      | Noticed Harold
  6430 | D:7      | Killed Harold
  6430 | D:7      | Reached skill level 7 in Fighting
  6447 | D:7      | Found an opulent altar of Gozag.
  6447 | D:7      | Found a hazy altar of Hepliaklqana.
  6450 | D:7      | Reached skill level 8 in Fighting
  6471 | D:7      | Noticed Dowan
  6475 | D:7      | Noticed Duvessa
  6488 | D:7      | Killed Duvessa
  6496 | D:7      | Killed Dowan
  6926 | D:7      | Reached skill level 9 in Fighting
  7177 | D:8      | Reached XP level 10. HP: 87/90 MP: 9/9
  8224 | D:9      | Received a gift from Trog
  8224 | D:9      | Reached skill level 10 in Fighting
  8426 | D:9      | Noticed Grum
  8456 | D:9      | Killed Grum
  8668 | D:9      | Reached skill level 10 in Dodging
  8767 | D:9      | Reached skill level 11 in Fighting
  8783 | D:9      | Identified the ring of Ephemeral Luck {rElec rC+ SInv}
  8783 | D:9      | Noticed a centaur warrior
  8785 | D:9      | Noticed a red ugly thing
  8794 | D:9      | Killed a centaur warrior
  8800 | D:9      | Killed a red ugly thing
  8821 | D:9      | Noticed a tengu warrior
  8836 | D:9      | Noticed a deep elf mage
  8844 | D:9      | Killed a tengu warrior
  8844 | D:9      | Reached XP level 11. HP: 32/103 MP: 10/10
  8849 | D:9      | Killed a deep elf mage
  8849 | D:9      | Reached skill level 12 in Fighting
  8908 | D:9      | Noticed a seven-headed hydra
  8913 | D:9      | Killed a seven-headed hydra
  8922 | D:9      | Found the +0 sword of Power
  9071 | D:9      | Noticed Maurice
  9081 | D:9      | Killed Maurice
  9526 | D:9      | Found an ancient bone altar of Kikubaaqudgha.
  9619 | D:9      | Found a sacrificial altar of Ru.
  9631 | D:10     | Entered Level 10 of the Dungeon
  9906 | D:10     | Received a gift from Trog
  9991 | D:10     | Found a staircase to the Orcish Mines.
 10031 | D:10     | Reached skill level 13 in Fighting
 10515 | D:10     | Noticed a wizard
 10527 | D:10     | Killed a wizard
 10627 | D:11     | Received a gift from Trog
 10836 | D:11     | Found a staircase to the Lair.
 10956 | D:11     | Found a gate leading to a gauntlet.
 10972 | Gauntlet | Entered a Gauntlet
 10972 | Gauntlet | Found a transporter.
 10975 | Gauntlet | Found a transporter.
 10995 | Gauntlet | Found a transporter.
 10995 | Gauntlet | Found a transporter.
 11015 | Gauntlet | Found a transporter.
 11028 | Gauntlet | Found a transporter.
 11037 | Gauntlet | Noticed a death yak
 11037 | Gauntlet | Noticed a death yak
 11038 | Gauntlet | Noticed a death yak
 11039 | Gauntlet | Noticed a death yak
 11040 | Gauntlet | Noticed a death yak
 11040 | Gauntlet | Noticed a death yak
 11041 | Gauntlet | Found a transporter.
 11041 | Gauntlet | Noticed a necromancer
 11063 | Gauntlet | Found a transporter.
 11065 | Gauntlet | Found a transporter.
 11073 | Gauntlet | Found a transporter.
 11095 | Gauntlet | Noticed a reaper
 11096 | Gauntlet | Found a transporter.
 11100 | Gauntlet | Found a transporter.
 11104 | Gauntlet | Found a runed translucent door.
 11105 | Gauntlet | Found a runed translucent door.
 11232 | Gauntlet | Got a heavily runed ivory amulet
 11238 | Gauntlet | Identified the amulet "Estoson" {*Slow Regen+ MP+9 Dex+4}
                  | (You found it in a Gauntlet)
 11255 | Gauntlet | Killed a necromancer
 11262 | Gauntlet | Killed a death yak
 11269 | Gauntlet | Killed a death yak
 11269 | Gauntlet | Reached skill level 14 in Fighting
 11269 | Gauntlet | Reached XP level 12. HP: 42/117 MP: 11/11
 11275 | Gauntlet | Killed a death yak
 11287 | Gauntlet | HP: 5/175 [death yak (11)]
 11289 | Gauntlet | Killed a death yak
 11295 | Gauntlet | Killed a death yak
 11296 | Gauntlet | Killed a death yak
 11351 | Gauntlet | Got a smoking gossamer ring
 11367 | Gauntlet | Identified the ring "Cerygufe" {rC++ rCorr Str+8 Int-4
                  | Dex-2} (You found it in a Gauntlet)
 11400 | Gauntlet | Noticed a minotaur
 11420 | Gauntlet | Killed a minotaur
 11491 | D:11     | Received a gift from Trog
 11536 | Lair:1   | Entered Level 1 of the Lair of Beasts
 11551 | Lair:1   | Reached skill level 1 in Shields
 11558 | Lair:1   | Reached skill level 1 in Evocations
 12337 | Lair:2   | Slain by a tyrant leech

Levels and vault maps discovered:
D:1:      minmay_arrival_stair_chambers, layout_rooms,
          kennysheep_decorative_pillar, minmay_door_square, st_stairs_2
D:2:      layout_basic, lightli_temple_of_fire, minmay_fractal_squares_gapless_5
D:3:      layout_basic, nemelex_xobeh_ov_fountains_minmay,
          uniq_crazy_yiuf_cottage
D:4:      kennysheep_slugbush, layout_rooms,
          gammafunk_temple_overflow_forgotten, minmay_temple_entry_hall,
          enter_ossuary_4, first_ration, cheibrodos_ashenzari_chains
D:5:      layout_basic, kennysheep_windowed_goal, uniq_ijyb
D:6:      layout_loops_corners
D:7:      layout_loops_ring, grunt_temple_overflow_open,
          kb_lookout_dungeons_type, uniq_duvessa, uniq_harold
D:8:      layout_loops_corners, grunt_livestock, item_on_display_a
D:9:      minmay_the_grid_square_5x5_3x3 [minmay_the_grid_square_5x5_minivault,
          minmay_the_grid_square_5x5_almost_minimal,
          minmay_the_grid_square_5x5_two_small,
          minmay_the_grid_square_5x5_doubleslash,
          minmay_the_grid_square_5x5_megaprize_open,
          minmay_the_grid_square_5x5_tri_point,
          minmay_the_grid_square_5x5_bracketed,
          minmay_the_grid_square_5x5_inner_v,
          minmay_the_grid_square_5x5_checkered], layout_irregular_city,
          kennysheep_mini_moat, lemuel_mausoleum_altar_kikubaaqudgha,
          uniq_maurice, uniq_grum
D:10:     layout_long_grid, hiddenorc2_lemuel, kennysheep_path_1,
          lightli_wizard_tower
D:11:     layout_irregular_city, erik_lair_island, gauntlet_entry_generic,
          chequers_serial_rivers_room_b
Lair:1:   layout_chaotic_city, grunt_forest_stairs_basic, grunt_megastairs_5
Lair:2:   layout_chaotic_city, worms_lemuel

Skill      XL: |  1  2  3  4  5  6  7  8  9 10 11 12 |
---------------+-------------------------------------+-----
Polearms       | 4 5 6 7 8 9 11 12 | 12.6
Fighting       | 5 9 11 14 | 14.9
Dodging        | 5 8 11 13 | 13.8
Shields        | 4 |  4.0
Evocations     | 3 |  3.0
Stealth        | |  1.5

Action                   |  1- 3 |  4- 6 |  7- 9 | 10-12 || total
-------------------------+-------+-------+-------+-------++-------
Melee: Spear             |   110 |    71 |   236 |   841 ||  1258
       Headbutt          |    14 |    26 |    87 |   194 ||   321
       Trident           |       |    96 |   212 |       ||   308
Invok: Berserk           |       |     2 |     2 |     8 ||    12
       Brothers in Arms  |       |       |       |     3 ||     3
       Trog's Hand       |       |       |       |     1 ||     1
Evoke: Wand              |       |       |       |     2 ||     2
  Use: Scroll            |     4 |     4 |     7 |     4 ||    19
       Potion            |     5 |     3 |     3 |     3 ||    14
 Stab: Sleeping          |     1 |     4 |    10 |     9 ||    24
       Distracted        |       |     1 |     2 |     4 ||     7
  Eat: Chunk             |     1 |     5 |    13 |     9 ||    28
       Ration            |       |     1 |     1 |     5 ||     7
Armor: Robe              |     1 |       |       |       ||     1
       Leather armour    |    16 |    25 |    44 |    63 ||   148
Dodge: Dodged            |    57 |    72 |   106 |   357 ||   592
Block: Buckler           |       |       |    27 |    69 ||    96
